 Dungeon Crawl Stone Soup version 0.24.0-125-gc4c63601f3 (webtiles) character file.

Game seed: 5675193013269898117, levelgen mode: deterministic

198321 Peloso the Hoplite (level 18, -2/168 HPs)
             Began as a Minotaur Fighter on Mar 8, 2020.
             Was the Champion of Okawaru.
             Slain by a shock serpent (14 damage)
             ... on level 3 of the Snake Pit.
             The game lasted 01:49:35 (44724 turns).

Peloso the Hoplite (Minotaur Fighter)              Turns: 44724, Time: 01:49:36

Health: -2/168     AC: 32    Str: 29    XL:     18   Next: 21%
Magic:  19/19      EV: 12    Int: 11    God:    Okawaru [******]
Gold:   2924       SH: 20    Dex: 15    Spells: 17/17 levels left

rFire    + . .     SeeInvis .   b - +5 long sword (flame)
rCold    + . .     Gourm    .   c - +2 shield of Resistance {rF+ rC+ MR+}
rNeg     . . .     Faith    +   W - +11 chain mail of Time Monsters {+Fly rPois Int+3}
rPois    +         Spirit   .   V - +1 hat {Int+3}
rElec    .         Reflect  .   x - +2 cloak {MR+}
rCorr    .         Harm     .   H - +1 pair of gloves {Str+3}
MR       +++..                  (no boots)
Stlth    ..........             D - amulet of faith
HPRegen  0.38/turn              (no ring)
MPRegen  0.16/turn              Y - +2 ring of dexterity

@: lethally poisoned (-2 -> -3)
A: retaliatory headbutt, horns 2
a: Heroism, Finesse, Renounce Religion, Evoke Flight


You were on level 3 of the Snake Pit.
You worshipped Okawaru.
Okawaru was exalted by your worship.
You were not hungry.

You visited 7 branches of the dungeon, and saw 33 of its levels.
You also visited: Gauntlet and Ice Cave.

You collected 3601 gold pieces.
You spent 677 gold pieces at shops.

Inventory:

Hand Weapons
 a - a +0 double sword of holy wrath
 b - a +5 long sword of flaming (weapon)
 j - the +9 long sword of Risk Management {slice, -Tele rElec rN++ Stlth+}
   (Okawaru gifted it to you on level 3 of the Elven Halls)

   It inflicts extra damage upon your enemies.
   It insulates you from electricity.
   It greatly protects you from negative energy.
   It prevents most forms of teleportation.
   It makes you more stealthy.
Armour
 c - the +2 shield of Resistance (worn) {rF+ rC+ MR+}
   (You found it in a Gauntlet)

   It protects you from fire.
   It protects you from cold.
   It affects your resistance to hostile enchantments.
 x - a +2 cloak of magic resistance (worn)
 y - the +3 shield "Veolecov" {+Fly rElec rC+ Int+3}
   (You found it on level 2 of the Shoals)

   It affects your intelligence (+3).
   It protects you from cold.
   It insulates you from electricity.
   It lets you fly.
 H - a +1 pair of gloves of strength (worn)
 O - a scarf of cloud immunity
 T - the +8 plate armour of the Planets {rC+ Str+4}
   (Okawaru gifted it to you on level 2 of the Lair of Beasts)

   It affects your strength (+4).
   It protects you from cold.
 V - a +1 hat of intelligence (worn)
 W - the +11 chain mail of Time Monsters (worn) {+Fly rPois Int+3}
   (You found it on level 3 of the Snake Pit)

   It affects your intelligence (+3).
   It protects you from poison.
   It lets you fly.
Jewellery
 p - an uncursed ring of protection from cold
 A - an uncursed ring of resist corrosion
 D - an amulet of faith (around neck)
 R - an uncursed ring of see invisible
 Y - a +2 ring of dexterity (right hand)
 Z - an uncursed ring of protection from cold
Wands
 t - a wand of digging (1)
 v - a wand of enslavement (9)
 z - a wand of random effects (59)
 F - a wand of iceblast (7)
 K - a wand of polymorph (23)
 S - a wand of disintegration (10)
Scrolls
 g - 9 scrolls of remove curse
 h - 13 scrolls of teleportation
 i - 5 scrolls of identify
 l - 5 scrolls of magic mapping
 q - 4 scrolls of amnesia
 r - 5 scrolls of blinking
 s - 4 scrolls of fog
 B - 2 scrolls of enchant weapon
 E - a scroll of enchant armour
 G - a scroll of summoning
 J - 2 scrolls of holy word
 N - a scroll of silence
 X - a scroll of vulnerability {unknown}
Potions
 d - a potion of might
 e - 2 potions of flight
 k - 5 potions of curing
 m - 2 potions of brilliance
 n - a potion of haste
 o - 2 potions of berserk rage
 u - a potion of mutation
 w - 8 potions of heal wounds
 L - a potion of resistance
 M - a potion of cancellation
 P - 3 potions of agility
 Q - a potion of magic
 U - a potion of experience
Miscellaneous
 I - a box of beasts
Comestibles
 f - 61 rations


   Skills:
 + Level 16.8 Fighting
 + Level 17.9 Long Blades
 + Level 17.2 Armour
 + Level 5.3 Dodging
 + Level 2.9 Stealth
 + Level 22.4 Shields
 + Level 3.4 Invocations
 + Level 0.4 Evocations


You had 17 spell levels left.
You didn't know any spells.
Your spell library contained the following spells:

 Spells                   Type           Power        Failure   Level  Hunger
 Confusing Touch          Hex            #.....       71%         1    ##.....
 Flame Tongue             Conj/Fire      #....        71%         1    ##.....
 Shock                    Conj/Air       #...         71%         1    ##.....
 Summon Small Mammal      Summ           #...         71%         1    ##.....
 Call Imp                 Summ           #.......     85%         2    ###....
 Corpse Rot               Necr           N/A          85%         2    ###....
 Ensorcelled Hibernation  Hex/Ice        #.....       85%         2    ###....
 Passwall                 Tmut/Erth      #.......     85%         2    ###....
 Song of Slaying          Chrm           #.......     85%         2    ###....
 Sublimation of Blood     Necr           #.........   85%         2    ###....
 Swiftness                Chrm/Air       #.......     85%         2    ###....
 Throw Flame              Conj/Fire      #.....       85%         2    ###....
 Call Canine Familiar     Summ           #.......     97%         3    ####...
 Confuse                  Hex            #.......     97%         3    ####...
 Conjure Flame            Conj/Fire      #.......     97%         3    ####...
 Gell's Gravitas          Tloc           #.........   97%         3    ####...
 Ignite Poison            Fire/Tmut/Pois #.......     97%         3    ####...
 Inner Flame              Hex/Fire       #.......     97%         3    ####...
 Ozocubu's Armour         Chrm/Ice       #.......     97%         3    ####...
 Recall                   Summ/Tloc      N/A          97%         3    ####...
 Spectral Weapon          Hex/Chrm       #.......     97%         3    ####...
 Static Discharge         Conj/Air       #.......     97%         3    ####...
 Stone Arrow              Conj/Erth      #.....       97%         3    ####...
 Summon Guardian Golem    Hex/Summ       #.......     97%         3    ####...
 Airstrike                Air            #.........   100%        4    #####..
 Passage of Golubria      Tloc           N/A          100%        4    #####..
 Petrify                  Tmut/Erth      #.......     100%        4    #####..
 Sticky Flame             Conj/Fire      #.......     100%        4    #####..
 Summon Ice Beast         Ice/Summ       #.......     100%        4    #####..
 Summon Lightning Spire   Summ/Air       #.......     100%        4    #####..
 Agony                    Necr           #.......     100%        5    ######.
 Alistair's Intoxication  Tmut/Pois      #.......     100%        5    ######.
 Aura of Abjuration       Summ           #.........   100%        5    ######.
 Bolt of Draining         Conj/Necr      #.........   100%        5    ######.
 Borgnjor's Vile Clutch   Necr/Erth      #.........   100%        5    ######.
 Dispel Undead            Necr           #.......     100%        5    ######.
 Excruciating Wounds      Chrm/Necr      #.........   100%        5    ######.
 Fireball                 Conj/Fire      #.........   100%        5    ######.
 Irradiate                Conj/Tmut      #.........   100%        5    ######.
 Lee's Rapid Deconstruct  Erth           #.........   100%        5    ######.
 Lightning Bolt           Conj/Air       #.........   100%        5    ######.
 Metabolic Englaciation   Hex/Ice        #.........   100%        5    ######.
 Silence                  Hex/Air        #.........   100%        5    ######.
 Summon Demon             Summ           #.........   100%        5    ######.
 Summon Forest            Summ/Tloc      #.........   100%        5    ######.
 Summon Mana Viper        Hex/Summ       #.......     100%        5    ######.
 Yara's Violent Unravell  Hex/Tmut       #.........   100%        5    ######.
 Darkness                 Hex            #.........   100%        6    #######
 Deflect Missiles         Chrm/Air       #.........   100%        6    #######
 Hydra Form               Tmut           #.........   100%        6    #######
 Invisibility             Hex            #.......     100%        6    #######
 Iron Shot                Conj/Erth      #.........   100%        6    #######
 Shadow Creatures         Summ           N/A          100%        6    #######
 Statue Form              Tmut/Erth      #........    100%        6    #######
 Dragon Form              Tmut           #.........   100%        7    #######


Dungeon Overview and Level Annotations

Branches:
Dungeon (15/15)            Temple (1/1) D:6            Lair (6/6) D:11
 Shoals (3/4) Lair:2        Snake (3/4) Lair:4        Slime (0/5) Lair:6
    Orc (2/2) D:9             Elf (3/3) Orc:2        Vaults (0/5) D:14
  IceCv (visited)         Gauntlet (visited)
 Depths: D:15

Altars:
Ashenzari
Cheibriados
Dithmenos
Elyvilon
Fedhas
Hepliaklqana
Kikubaaqudgha
Makhleb
Nemelex Xobeh
Okawaru
Qazlal
Sif Muna
Trog
Uskayaw
Wu Jian
Xom
Yredelemnul
Zin
The Shining One
Beogh
Jiyva

Shops:
D:4 [   D:13 ?   Orc:1 !   Orc:2 [:%(*   Elf:1 [   Elf:2 (   Snake:1 !?:(

Portals:
Pandemonium: Orc:2
Trove: D:13 (give horn of Geryon)

Annotations:
Shoals:3 Mara


Innate Abilities, Weirdness & Mutations

You reflexively headbutt those who attack you in melee.
You have a pair of horns on your head.


Message History

The shock serpent is lightly wounded.
The shock serpent shoots out a bolt of lightning at you!
The bolt of electricity hits you!! x2
* * * LOW HITPOINT WARNING * * *
The bolt of electricity hits the shock serpent.
The shock serpent completely resists.
You block the naga warrior's attack.
You slash the shock serpent! You burn the shock serpent.
The shock serpent is heavily wounded.
The shock serpent's electric aura discharges, shocking you!
* * * LOW HITPOINT WARNING * * *
You block the shock serpent's attack.
You slash the shock serpent! You burn the shock serpent.
Your headbutt misses the shock serpent.
The shock serpent is severely wounded.
The shock serpent's electric aura discharges, shocking you!
* * * LOW HITPOINT WARNING * * *
You block the naga warrior's attack. The shock serpent bites you!
* * * LOW HITPOINT WARNING * * *
The shock serpent shocks you!
You die...

#⌠.>.⌠# ###.##.# #....)# #.....#
#..#.# ##....( ##...## ##...#
#...)) ####### ###'### ###.#
##.... #.....###)=...## ### #....
.#####.#.#)..#.# #####.# #....
.......#(#...#.##....... ###....
...⌠...'(#.⌠.#N)S..⌠...#.##...#.#
.......#[#...#.#@........(..#...#
.#####.#)#...#.#.#####.#...#.....
#. .###.....###. .^....(.. # ##
###'### ## ......... ..#
..####### ...# . #


You could see a naga warrior and a shock serpent.

Vanquished Creatures
  Bai Suzhen (Shoals:3)
  Nikola (Lair:4)
  Gastronok (Lair:1)
  A kraken (Shoals:2)
  Agnes (Snake:2)
  Donald (Snake:2)
  A nagaraja (Snake:3)
  An orc warlord (Orc:1)
  Aizul (Snake:2)
  A deep elf demonologist (Elf:1)
  Azrael (Lair:4)
  A minotaur (Gauntlet)
  Josephine (Snake:1)
  A fire dragon (Lair:6)
  2 merfolk impalers
  2 ice dragons
  Harold (D:8)
  8 naga warriors
  Fannar (D:11)
  4 merfolk avatars
  5 hydras
  2 centaur warriors
  3 anacondas
  A death knight (D:14)
  29 dancing weapons
  A death yak (Lair:2)
  7 two-headed ogres
  2 merfolk aquamancers
  Erica (D:11)
  7 orc high priests (Orc:2)
  4 shock serpents
  A tengu warrior (D:13)
  2 satyrs
  A sun demon (Orc:1)
  4 salamander mystics (Snake:3)
  2 naga sharpshooters (Snake:3)
  A soul eater (Orc:2)
  7 sea snakes
  10 deep elf knights
  A wizard (D:14)
  A naga ritualist (Snake:3)
  A gelid demonspawn (Orc:2)
  An infernal demonspawn (Orc:2)
  3 deep elf archers (Elf:1)
  A swamp dragon (Lair:6)
  27 harpies
  A lindwurm (Lair:6)
  A phantasmal warrior (D:14)
  5 ugly things
  4 orc knights (Orc:2)
  6 orc sorcerers
  2 oklob plants
  4 mana vipers
  32 deep elf magi
  9 cyclopes
  A worldbinder (Gauntlet)
  4 fauns
  6 manticores
  6 salamanders
  A centaur zombie (D:11)
  Joseph (Lair:1)
  11 elephants
  3 ice statues
  An apocalypse crab (Gauntlet)
  A guardian serpent (Snake:1)
  3 merfolk sirens
  18 black mambas
  A water nymph (Shoals:1)
  8 torpor snails
  A rust devil (Orc:2)
  6 naga magi
  A smoke demon (Orc:2)
  7 centaur skeletons
  A gargoyle (D:15)
  10 spiny frogs
  An efreet (D:14)
  3 rime drakes
  3 yaktaurs (D:12)
  A freezing wraith (D:14)
  13 komodo dragons
  2 hellwings (Orc:2)
  4 polar bears
  4 trolls
  17 merfolk
  10 hornets
  4 tyrant leeches (Lair:6)
  A wind drake (Shoals:2)
  5 slime creatures
  6 snapping turtles
  16 blink frogs
  17 dream sheep
  19 hippogriffs
  2 shadows
  5 air elementals
  33 yaks
  9 water elementals
  3 basilisks
  2 vampires (D:14)
  7 wraiths
  2 fire elementals
  5 wyverns
  A wyvern (shapeshifter) (D:14)
  A hungry ghost (Shoals:1)
  3 steam dragons (Lair:6)
  A warg (D:9)
  3 vampire mosquitoes (D:14)
  2 acid dragons (Lair:6)
  3 swamp worms (Gauntlet)
  27 nagas
  3 soldier ants
  9 porcupines
  2 hell hounds (Lair:4)
  8 water moccasins
  12 ice beasts
  50 orc warriors
  2 sky beasts
  15 ogres
  A black bear (D:7)
  A necrophage (D:8)
  5 phantoms
  3 boggarts (Gauntlet)
  13 wolves
  13 crocodiles
  14 centaurs
  4 big kobolds
  3 earth elementals (Elf:1)
  9 bullfrogs
  4 gnoll sergeants
  A wyvern zombie (D:7)
  A wyvern skeleton (D:14)
  4 scorpions
  4 killer bees (D:7)
  6 wights
  9 electric eels
  8 crimson imps
  4 bullfrog zombies
  A quasit (D:11)
  A hound (D:12)
  36 orc wizards
  Crazy Yiuf (D:6)
  30 orc priests
  5 bullfrog skeletons
  9 jellies
  Ijyb (D:5)
  16 iguanas
  2 hell rats (Lair:4)
  7 worker ants
  2 hound zombies
  A worker ant zombie (D:6)
  11 adders
  18 gnolls
  7 river rats (Lair:4)
  A shadow imp (D:11)
  19 oozes
  An adder zombie (D:5)
  3 adder skeletons
  2 worms (D:2)
  6 leopard geckos
  106 orcs
  7 giant cockroaches
  7 goblins
  8 hobgoblins
  11 jackals
  7 quokkas
  5 ball pythons
  14 bats
  6 frilled lizards
  24 kobolds
  8 rats
  4 fungi
  5 plants
  3 tentacles (Shoals:2)
1150 creatures vanquished.

Vanquished Creatures (others)
  A naga warrior (Snake:1)
  An unseen horror (D:11)
  A deep elf mage (Elf:1)
  A guardian serpent (Lair:4)
  A black mamba (Snake:3)
  A naga mage (Snake:1)
  A fire elemental (Lair:4)
  A naga (Snake:3)
  A demonic plant (Gauntlet)
  4 fungi (Lair:2)
  15 plants
  3 tentacles (Shoals:2)
31 creatures vanquished.

Grand Total: 1181 creatures vanquished

Notes
Turn   | Place    | Note
-------+----------+-------------------------------------------
     0 | D:1      | Peloso the Minotaur Fighter began the quest for the Orb.
     0 | D:1      | Reached XP level 1. HP: 19/19 MP: 0/0
    81 | D:1      | Reached XP level 2. HP: 27/27 MP: 1/1
   819 | D:2      | Reached XP level 3. HP: 31/33 MP: 2/2
   954 | D:2      | Reached skill level 4 in Shields
  1264 | D:2      | Reached XP level 4. HP: 39/40 MP: 3/3
  1369 | D:3      | Found a shadowy altar of Dithmenos.
  1516 | D:3      | Reached skill level 5 in Armour
  1559 | D:3      | Found a transporter.
  1566 | D:3      | Found a transporter.
  2119 | D:3      | Reached XP level 5. HP: 22/47 MP: 4/4
  2281 | D:3      | Reached skill level 1 in Dodging
  2510 | D:4      | Reached XP level 6. HP: 32/53 MP: 5/5
  2521 | D:4      | Reached skill level 5 in Shields
  3087 | D:4      | Reached XP level 7. HP: 28/60 MP: 6/6
  3196 | D:4      | Found Waphex's Antique Armour Boutique.
  3361 | D:5      | Entered Level 5 of the Dungeon
  3466 | D:5      | Reached skill level 6 in Shields
  3478 | D:5      | Reached skill level 5 in Fighting
  3616 | D:5      | Noticed Ijyb
  3624 | D:5      | Killed Ijyb
  3776 | D:5      | Reached skill level 5 in Long Blades
  3891 | D:5      | Found a glowing golden altar of the Shining One.
  4376 | D:5      | Found a basalt altar of Yredelemnul.
  4474 | D:5      | Noticed an angel
  4752 | D:6      | Found a hazy altar of Hepliaklqana.
  4753 | D:6      | Found a burning altar of Makhleb.
  4754 | D:6      | Found a blossoming altar of Fedhas.
  4776 | D:6      | Found a staircase to the Ecumenical Temple.
  4783 | D:6      | Reached XP level 8. HP: 68/68 MP: 7/7
  4804 | Temple   | Entered the Ecumenical Temple
  4947 | Temple   | Became a worshipper of Warmaster Okawaru
  5120 | D:6      | Found a white marble altar of Elyvilon.
  5128 | D:6      | Found a bloodstained altar of Trog.
  5267 | D:6      | Found a runed translucent door.
  5268 | D:6      | Noticed Crazy Yiuf
  5274 | D:6      | Killed Crazy Yiuf
  5787 | D:7      | Reached skill level 7 in Shields
  5875 | D:7      | Reached * piety under Okawaru
  6793 | D:7      | Reached XP level 9. HP: 74/74 MP: 8/8
  7389 | D:8      | Noticed Harold
  7406 | D:8      | Killed Harold
  7406 | D:8      | Reached ** piety under Okawaru
  7406 | D:8      | Reached skill level 8 in Shields
  7410 | D:8      | Reached skill level 10 in Long Blades
  7501 | D:8      | Found an ornate altar of the Wu Jian Council.
  8076 | D:8      | Reached skill level 10 in Armour
  8185 | D:9      | Reached XP level 10. HP: 60/84 MP: 9/9
  8247 | D:9      | Found a staircase to the Orcish Mines.
  8898 | D:9      | Found a glowing silver altar of Zin.
  8968 | D:10     | Entered Level 10 of the Dungeon
  9000 | D:10     | Reached skill level 9 in Shields
  9003 | D:10     | Reached *** piety under Okawaru
  9241 | D:10     | Reached skill level 10 in Shields
  9526 | D:11     | Noticed a two-headed ogre
  9535 | D:11     | Killed a two-headed ogre
  9535 | D:11     | Reached **** piety under Okawaru
  9555 | D:11     | Reached XP level 11. HP: 58/94 MP: 10/10
  9559 | D:11     | Found a frozen archway.
  9683 | IceCv    | Entered an ice cave
  9683 | IceCv    | Noticed a white ugly thing
  9695 | IceCv    | Killed a white ugly thing
  9716 | IceCv    | Found a transporter.
  9727 | IceCv    | Got a transparent hunting sling
 10027 | IceCv    | Noticed a white ugly thing
 10028 | IceCv    | Found a transporter.
 10039 | IceCv    | Reached ***** piety under Okawaru
 10043 | IceCv    | Killed a white ugly thing
 10060 | IceCv    | Reached skill level 11 in Shields
 10421 | D:11     | Noticed Erica
 10430 | D:11     | Killed an unseen horror
 10444 | D:11     | Killed Erica
 10821 | D:11     | Reached skill level 1 in Invocations
 10849 | D:11     | Found a staircase to the Lair.
 10871 | D:11     | Received a gift from Okawaru
 10874 | D:11     | Got a bloodstained chain mail {god gift}
 10885 | D:11     | Identified the +0 chain mail "Golatyll" {rN+ MR+ Dex-2}
                  | (Okawaru gifted it to you on level 11 of the Dungeon)
 11048 | D:11     | Noticed a cyan ugly thing
 11064 | D:11     | Killed a cyan ugly thing
 11080 | D:11     | Found a snail-covered altar of Cheibriados.
 11215 | D:11     | Reached skill level 12 in Shields
 11338 | D:11     | Noticed Fannar
 11353 | D:11     | Reached XP level 12. HP: 104/105 MP: 11/11
 11374 | D:11     | Killed Fannar
 11525 | D:12     | Noticed a two-headed ogre
 11526 | D:12     | Found a shimmering blue altar of Sif Muna.
 11545 | D:12     | Killed a two-headed ogre
 11814 | D:12     | Received a gift from Okawaru
 11874 | D:12     | Reached skill level 10 in Fighting
 12548 | D:12     | Noticed a two-headed ogre
 12556 | D:12     | Killed a two-headed ogre
 12556 | D:12     | Reached skill level 1 in Stealth
 12556 | D:12     | Reached skill level 13 in Shields
 12600 | D:12     | Found a bloodstained altar of Trog.
 13285 | Lair:1   | Entered Level 1 of the Lair of Beasts
 13326 | Lair:1   | Noticed Gastronok
 13343 | Lair:1   | Killed Gastronok
 13343 | Lair:1   | Reached ****** piety under Okawaru
 13392 | Lair:1   | Noticed Joseph
 13414 | Lair:1   | Killed Joseph
 13662 | Lair:1   | Received a gift from Okawaru
 13662 | Lair:1   | Reached XP level 13. HP: 90/115 MP: 13/13
 13706 | Lair:1   | Reached skill level 14 in Shields
 14426 | Lair:2   | Received a gift from Okawaru
 14431 | Lair:2   | Got an iridescent demon blade {god gift}
 14432 | Lair:2   | Identified the +3 demon blade "Dragonbane" {drain, rPois
                  | rF++} (Okawaru gifted it to you on level 2 of the Lair of
                  | Beasts)
 15070 | Lair:2   | Reached skill level 15 in Shields
 15090 | Lair:2   | Received a gift from Okawaru
 15106 | Lair:2   | Got a bloodstained plate armour {god gift}
 15524 | Lair:2   | Identified the +8 plate armour of the Planets {rC+ Str+4}
                  | (Okawaru gifted it to you on level 2 of the Lair of Beasts)
 15566 | Lair:2   | Found a staircase to the Shoals.
 16548 | Lair:3   | Got a faintly glowing whip
 17254 | Lair:3   | Identified the +4 hunting sling of War {flame, rPois rF++
                  | Stlth+} (You found it in an ice cave)
 17255 | Lair:3   | Identified the +7 whip of Hefuil {vamp, *Contam *Corrode
                  | rPois MR+++} (You found it on level 3 of the Lair of
                  | Beasts)
 17553 | D:13     | Reached skill level 15 in Long Blades
 17985 | D:13     | Found a portal to a secret trove of treasure.
 18320 | D:13     | Found Keutuont's Magic Scroll Shop.
 18326 | D:13     | Bought a scroll of identify for 24 gold pieces
 18326 | D:13     | Bought a scroll of teleportation for 36 gold pieces
 18326 | D:13     | Bought a scroll of blinking for 90 gold pieces
 18355 | D:13     | Reached XP level 14. HP: 92/127 MP: 14/14
 18527 | D:14     | Received a gift from Okawaru
 18711 | D:14     | Reached skill level 16 in Shields
 18950 | D:14     | You fall into a shaft and drop 1 floor!
 18950 | D:15     | Entered Level 15 of the Dungeon
 19143 | D:14     | Received a gift from Okawaru
 19172 | D:14     | Found a gate to the Vaults.
 20208 | Orc:1    | Entered Level 1 of the Orcish Mines
 20215 | Orc:1    | Found Soxelics's Distillery.
 21160 | Orc:1    | Bought a potion of brilliance for 60 gold pieces
 21160 | Orc:1    | Bought a potion of might for 60 gold pieces
 21517 | Orc:2    | Entered Level 2 of the Orcish Mines
 21592 | Orc:2    | Found a roughly hewn altar of Beogh.
 21595 | Orc:2    | Noticed an orc warlord
 22118 | Orc:1    | Killed an orc warlord
 22148 | Orc:2    | Paralysed by an orc sorcerer for 3 turns
 22496 | Orc:2    | Found a staircase to the Elven Halls.
 22531 | Orc:2    | Found Jasag's Antique Armour Shop.
 22590 | Orc:2    | Found Yngem's Food Shop.
 22593 | Orc:2    | Found Caelut's General Store.
 22656 | Orc:1    | HP: 6/130 [sun demon (15)]
 23070 | Orc:1    | Received a gift from Okawaru
 23963 | Orc:2    | Reached skill level 17 in Shields
 24855 | Orc:2    | Paralysed by an orc sorcerer for 3 turns
 25303 | Orc:2    | Reached XP level 15. HP: 111/138 MP: 13/15
 25338 | Orc:2    | Paralysed by an orc sorcerer for 3 turns
 25347 | Orc:2    | Paralysed by an orc sorcerer for 2 turns
 25353 | Orc:2    | Found Zedeas's Antique Weapon Shoppe.
 25353 | Orc:2    | Found Coloj's Book Emporium.
 25362 | Orc:2    | Found a one-way gate leading to the halls of Pandemonium.
 26086 | Lair:4   | Found a staircase to the Snake Pit.
 26298 | Lair:4   | Received a gift from Okawaru
 26763 | Lair:5   | Found a gate leading to a gauntlet.
 26805 | Gauntlet | Entered a Gauntlet
 26805 | Gauntlet | Found a transporter.
 26809 | Gauntlet | Found a transporter.
 26811 | Gauntlet | Found a transporter.
 26827 | Gauntlet | Found a transporter.
 26828 | Gauntlet | Found a transporter.
 26842 | Gauntlet | Found a transporter.
 26856 | Gauntlet | Found a transporter.
 26861 | Gauntlet | Found a transporter.
 26881 | Gauntlet | Found a transporter.
 26886 | Gauntlet | Found a transporter.
 26915 | Gauntlet | Found a transporter.
 26915 | Gauntlet | Found a transporter.
 26946 | Gauntlet | Found a transporter.
 26950 | Gauntlet | Found a transporter.
 27133 | Gauntlet | Identified Sif Muna's Tome of Evil and Stones
 27182 | Gauntlet | Found the +2 shield of Resistance {rF+ rC+ MR+}
 27202 | Gauntlet | Identified the Tome of Augmentations
 27776 | Lair:6   | Entered Level 6 of the Lair of Beasts
 27809 | Lair:6   | Reached skill level 18 in Shields
 28595 | Lair:6   | Found a staircase to the Slime Pits.
 28596 | Lair:6   | Found a viscous altar of Jiyva.
 28744 | Lair:6   | Found a runed translucent door.
 28833 | Lair:6   | Reached skill level 15 in Armour
 28839 | Lair:6   | Received a gift from Okawaru
 29806 | Shoals:1 | Entered Level 1 of the Shoals
 30274 | Lair:2   | Received a gift from Okawaru
 30583 | Shoals:1 | Reached skill level 19 in Shields
 30871 | Shoals:1 | Reached XP level 16. HP: 38/147 MP: 16/16
 31276 | Shoals:1 | Reached skill level 15 in Fighting
 31763 | Shoals:2 | Noticed a kraken
 31781 | Shoals:2 | Killed a kraken
 32801 | Shoals:2 | Received a gift from Okawaru
 32825 | Shoals:2 | Got a translucent shield
 32836 | Shoals:2 | Identified the +3 shield "Veolecov" {+Fly rElec rC+ Int+3}
                  | (You found it on level 2 of the Shoals)
 33795 | Snake:1  | Entered Level 1 of the Snake Pit
 33798 | Snake:1  | Noticed Nikola
 34103 | Lair:4   | Killed Nikola
 34388 | Snake:1  | Noticed Azrael
 34412 | Lair:4   | Killed Azrael
 34601 | Lair:4   | Reached skill level 20 in Shields
 35197 | Elf:1    | Entered Level 1 of the Elven Halls
 35449 | Elf:1    | Found Esyeqeac's Armour Shoppe.
 36039 | Elf:1    | Received a gift from Okawaru
 36053 | Elf:1    | Noticed an Executioner
 37302 | Elf:2    | Reached XP level 17. HP: 158/158 MP: 15/18
 37697 | Elf:2    | Received a gift from Okawaru
 37720 | Elf:2    | Found a huge runed translucent gate.
 37739 | Elf:2    | Found a huge runed translucent gate.
 37740 | Elf:2    | Found a huge runed translucent gate.
 37741 | Elf:2    | Found a huge runed translucent gate.
 37742 | Elf:2    | Found a huge runed translucent gate.
 37980 | Elf:2    | Reached skill level 21 in Shields
 38054 | Elf:2    | Reached skill level 5 in Dodging
 38709 | Elf:2    | Found Rayqunut's Weapon Emporium.
 38905 | Elf:3    | Entered Level 3 of the Elven Halls
 38962 | Elf:3    | Received a gift from Okawaru
 38965 | Elf:3    | Got a polished long sword {god gift}
 38966 | Elf:3    | Identified the +9 long sword of Risk Management {slice,
                  | -Tele rElec rN++ Stlth+} (Okawaru gifted it to you on level
                  | 3 of the Elven Halls)
 39286 | Snake:1  | Found Mehamp's Book Shop.
 39286 | Snake:1  | Found Faakh's Magic Scroll Boutique.
 39287 | Snake:1  | Found Rahost's Weapon Shop.
 39289 | Snake:1  | Found Vuruum's Distillery.
 39297 | Snake:1  | Bought 2 potions of heal wounds for 160 gold pieces
 39300 | Snake:1  | Bought 2 scrolls of magic mapping for 77 gold pieces
 39300 | Snake:1  | Bought a scroll of silence for 82 gold pieces
 39300 | Snake:1  | Bought a scroll of identify for 22 gold pieces
 39300 | Snake:1  | Bought a scroll of teleportation for 33 gold pieces
 39300 | Snake:1  | Bought a scroll of teleportation for 33 gold pieces
 39320 | Snake:1  | Noticed Josephine
 39329 | Snake:1  | Killed Josephine
 39564 | Snake:1  | Found a snail-covered altar of Cheibriados.
 40119 | Snake:2  | Noticed Aizul
 40133 | Snake:2  | Killed Aizul
 40181 | Snake:2  | Noticed Agnes
 40191 | Snake:2  | Killed Agnes
 40729 | Snake:2  | Noticed Donald
 40739 | Snake:2  | Killed Donald
 40739 | Snake:2  | Received a gift from Okawaru
 42839 | Shoals:3 | Noticed Mara
 42847 | Shoals:3 | Noticed Bai Suzhen
 42878 | Shoals:3 | Killed Bai Suzhen
 43073 | Snake:2  | Reached skill level 22 in Shields
 43459 | Snake:3  | Reached XP level 18. HP: 78/168 MP: 14/19
 43881 | Snake:3  | Identified the +2 quarterstaff of Valiance {pain, rC+ rN+
                  | Dex-3}
 44297 | Snake:3  | Got a faintly humming chain mail
 44322 | Snake:2  | Identified the +11 chain mail of Time Monsters {+Fly rPois
                  | Int+3} (You found it on level 3 of the Snake Pit)
 44724 | Snake:3  | Slain by a shock serpent

Levels and vault maps discovered:
D:1:      psy_arrival_fountain, layout_basic
D:2:      layout_basic, first_ration
D:3:      gammafunk_steamed_eel, layout_loops_cross,
          nicolae_dithmenos_shadow_blocks, minmay_shallow_snake_nest
D:4:      layout_loops_ring, serial_shops, nicolae_shop_statue_plus
D:5:      layout_basic, grunt_temple_overflow_holy_war, uniq_ijyb
D:6:      layout_cave_pools, chequers_temple_overflow_statue_of_worship,
          kennysheep_mini_moat, nicolae_overflow_hidden_temple,
          minmay_temple_entry_hall, serial_park_tiny_2, uniq_crazy_yiuf_cottage
D:7:      layout_basic
D:8:      layout_loops_ring, old_standard_altar, uniq_harold
D:9:      layout_roguey, kennysheep_little_box, david_orc_3
D:10:     layout_cave_pools
D:11:     minmay_bubble_buster, layout_rooms, lair_entry_dummy, basic_altar,
          portal_ice_cave_rime, uniq_erica, uniq_fannar
D:12:     layout_stronghold, basic_altar, bloody_trog
D:13:     layout_loops_ring, nicolae_trove_entry_crystal, serial_shops,
          shop_statue, hangedman_pestilent_swarm, hangedman_decor_growths,
          minmay_puff
D:14:     layout_irregular_city, david_vaults_1
D:15:     hangedman_depths_entry_try_elsewhere_first, layout_basic,
          minmay_misc_feat_roman
Temple:   minmay_temple_forest_path
Lair:1:   beast_lair_carwin_large_4, layout_chaotic_city, lemuel_fruit_tree,
          uniq_gastronok, uniq_joseph
Lair:2:   lemuel_slime, layout_chaotic_city, shoals_dummy_entry, ice2_lemuel,
          serial_bayou_shore_a, minmay_lair_oklob_chamber
Lair:3:   layout_cave_pods, serial_bayou_shore_b
Lair:4:   layout_gridlike, dummy_snake_entry, kennysheep_rathole,
          serial_bayou_shore_b, grunt_megastairs_2
Lair:5:   layout_misc_corridors, gauntlet_entry_generic,
          infiniplex_staircase_pool, grunt_megastairs_4
Lair:6:   wormcave, layout_big_grid, guppyfry_lair_end_dragon, slime_altar_1,
          grunt_megastairs_5, serial_bayou_shore_b
Shoals:1: layout_shoals, nicolae_shoals_so_close
Shoals:2: layout_shoals, nicolae_shoals_kraken_intersection
Shoals:3: layout_shoals, uniq_bai_suzhen, uniq_mara
Snake:1:  layout_cave_shapes, basic_altar, nicolae_snake_squiggles,
          nicolae_coiled_stairwell_down, minmay_shoptagon, uniq_josephine,
          uniq_azrael, uniq_nikola
Snake:2:  layout_grid_maze, serial_bayou_lake_a, uniq_donald, uniq_agnes,
          uniq_aizul
Snake:3:  layout_misc_corridors, grunt_megastairs_1
Orc:1:    layout_caves, serial_shops, shop_fountains, mines2_lemuel
Orc:2:    pf_orc_diabolical, layout_caves, basic_altar, serial_shops, shop,
          mines3_lemuel
Elf:1:    minmay_elf_arrival_plus, layout_loops_cross, serial_shops, shop,
          minivault_28, hangedman_elf_power_crystal
Elf:2:    layout_loops_cross, serial_shops, shop
Elf:3:    minmay_elf_hall_quartered_circle, layout_geoelf_castle, special_room
          [special_room_orc]

Skill      XL: |  1  2  3  4  5  6  7  8  9 10 11 12 13 14 15 16 17 |
---------------+----------------------------------------------------+-----
Armour         | 4 5 6 7 8 10 11 12 13 14 15 16 17 | 17.2
Fighting       | 4 5 6 8 9 10 12 14 15 16 | 16.8
Shields        | 4 5 6 7 8 10 12 13 15 17 19 20 22 | 22.4
Long Blades    | 3 4 6 8 10 12 13 14 15 16 17 | 17.9
Dodging        | 1 2 3 4 5 |  5.3
Invocations    | 1 2 3 |  3.4
Stealth        | 1 2 |  2.9
Evocations     | |  0.4

Action                   |  1- 3 |  4- 6 |  7- 9 | 10-12 | 13-15 | 16-18 || total
-------------------------+-------+-------+-------+-------+-------+-------++-------
Melee: Long sword        |    83 |   129 |   378 |   771 |  1677 |  1300 ||  4338
       Headbutt          |    16 |    20 |    83 |   188 |   538 |   416 ||  1261
       Demon blade       |       |       |       |       |    63 |       ||    63
Invok: Heroism           |       |       |     2 |    10 |    24 |    20 ||    56
Evoke: Wand              |       |     4 |       |       |     2 |       ||     6
  Use: Scroll            |       |     6 |     4 |     1 |    24 |     8 ||    43
       Potion            |       |     3 |     2 |     1 |     5 |     4 ||    15
  Eat: Chunk             |     1 |     2 |     5 |    21 |    45 |    35 ||   109
       Ration            |       |     1 |     3 |       |     3 |     3 ||    10
Armor: Scale mail        |    35 |    62 |       |       |       |       ||    97
       Chain mail        |       |    13 |    69 |       |       |    17 ||    99
       Plate armour      |       |       |   102 |   335 |   798 |   557 ||  1792
Dodge: Dodged            |    34 |    56 |   106 |   200 |   599 |   379 ||  1374
Block: Shield            |    44 |    76 |   179 |   519 |  1525 |  1259 ||  3602
       Rpst.: Long sword |     9 |    10 |    30 |    46 |   107 |    66 ||   268
       Demon blade       |       |       |       |       |     8 |       ||     8
